 Dungeon Crawl Stone Soup version 0.27-a0-380-g150de4c316 (webtiles) character file.

Game seed: 16843556662828953904

20 pistachioham the Vexing (level 2, -5/16 HPs)
             Began as a Deep Elf Arcane Marksman on Feb 17, 2021.
             Killed by divine providence
             ... invoked by an orc priest
              (13 damage)
             ... on level 2 of the Dungeon.
             The game lasted 00:07:11 (1182 turns).

pistachioham the Vexing (Deep Elf Arcane Marksman)  Turns: 1182, Time: 00:07:12

Health: -5/16      AC:  3    Str:  7    XL:     2   Next: 58%
Magic:  5/6        EV: 13    Int: 17    God:
Gold:   10         SH:  0    Dex: 15    Spells: 3/4 levels left

rFire    . . .     SeeInvis .   b - +0 short sword
rCold    . . .     Faith    .   (no shield)
rNeg     . . .     Spirit   .   e - +0 robe
rPois    .         Reflect  .   j - +0 helmet
rElec    .         Harm     +   h - scarf {harm}
rCorr    .         Rampage  .   (no gloves)
Will     .....                  (no boots)
Stlth    +.........             (no amulet)
HPRegen  0.05/turn              (no ring)
MPRegen  0.10/turn              (no ring)

@: no status effects
A: no striking features
a: no special abilities


You were on level 2 of the Dungeon.
You visited 1 branch of the dungeon, and saw 2 of its levels.

You collected 10 gold pieces.

Inventory:

Hand Weapons
 a - a +0 shortbow
 b - a +0 short sword (weapon)
Missiles
 w - 3 curare-tipped darts (quivered)
Armour
 e - a +0 robe (worn)
 h - a scarf of harm (worn)
 j - a +0 helmet (worn)
Scrolls
 c - a scroll of teleportation {unknown}
 g - a scroll of fear {unknown}
 i - a scroll of enchant armour {unknown}
 l - a scroll of immolation {unknown}
Potions
 f - a potion of heal wounds {unknown}
 k - a potion of curing
 m - a potion of resistance {unknown}


   Skills:
 - Level 0.7 Fighting
 + Level 3.6 Bows
 - Level 2.4 Dodging
 - Level 1.5 Spellcasting
 + Level 4.6 Hexes


You had 3 spell levels left.
You knew the following spells:

 Your Spells              Type           Power        Failure   Level
a - Corona                Hex            18%          3%          1

Your spell library contained the following spells:

 Spells                   Type           Power        Failure   Level
 Slow                     Hex            17%          4%          2
 Inner Flame              Hex/Fire       9%           24%         3
 Portal Projectile        Hex/Tloc       18%          24%         3
 Cause Fear               Hex            8%           30%         4
 Leda's Liquefaction      Hex/Erth       4%           61%         4


Dungeon Overview and Level Annotations

Branches:
Dungeon (2/15)

Altars:


Message History

Aim: an orc priest, wielding a +0 whip and wearing a +0 chain mail (lightly wounded, softly glowing, 86% to hit)
You shoot an arrow. The arrow barely misses the orc priest.
The orc priest closely misses you.
Fire: 3 arrows
Press: ? - help, Q - select action, (/) - cycle Shift-Dir - straight line, f/p - orc priest
Aim: an orc priest, wielding a +0 whip and wearing a +0 chain mail (lightly wounded, softly glowing, 86% to hit)
You shoot an arrow.
The arrow hits the orc priest but does no damage.
The orc priest is lightly wounded.
The orc priest hits you but does no damage.
Fire: 2 arrows
Press: ? - help, Q - select action, (/) - cycle Shift-Dir - straight line, f/p - orc priest
Aim: an orc priest, wielding a +0 whip and wearing a +0 chain mail (softly glowing, 86% to hit)
You shoot an arrow.
The arrow hits the orc priest but does no damage.
The orc priest hits you with a +0 whip.
Fire: arrow
Press: ? - help, Q - select action, (/) - cycle Shift-Dir - straight line, f/p - orc priest
Aim: an orc priest, wielding a +0 whip and wearing a +0 chain mail (softly glowing, 86% to hit)
You shoot an arrow.
The arrow completely misses the orc priest.
The orc priest stops glowing.
The orc priest closely misses you.
b - a +0 short sword (weapon)
You aren't carrying any items that you can evoke.
Unknown command.
Unknown command.
Unknown command.
Unknown command.
Throw: 4 darts (curare)
Press: ? - help, Q - select action, (/) - cycle Shift-Dir - straight line, f/p - orc priest
Aim: an orc priest, wielding a +0 whip and wearing a +0 chain mail (65% to hit)
You throw a curare-tipped dart.
The curare-tipped dart hits the orc priest.
The orc priest is poisoned.
The orc priest convulses.
The orc priest seems to slow down.
The orc priest is severely wounded.
The orc priest invokes the aid of Beogh against you.
Beogh smites you!
Ouch! That really hurt!
You die...

######################
...............(.....#
................@.##.#
..###.##....#####o##.#
..# #.##....# #(##.#
..###.##....# #.(..#
#...........#
#.#(.......
#.###.##).#.#
#..((.##### #.#
#.##..#... ..##(...
#.#
#.##..............###
#..
......#.##.#####.(.


You could see an orc priest (very poisoned, slow).

Vanquished Creatures
  A leopard gecko (D:2)
  3 orcs (D:2)
  A bat (D:1)
  2 hobgoblins (D:1)
  2 jackals (D:1)
  A frilled lizard (D:2)
  4 kobolds
  2 rats (D:1)
16 creatures vanquished.

Notes
Turn   | Place    | Note
-------+----------+-------------------------------------------
     0 | D:1      | pistachioham the Deep Elf Arcane Marksman began the quest
                  | for the Orb.
     0 | D:1      | Reached XP level 1. HP: 11/11 MP: 5/5
   513 | D:1      | Reached XP level 2. HP: 16/16 MP: 6/6
  1182 | D:2      | Killed from afar by an orc priest

Illustrated notes

Levels and vault maps discovered:
D:1:      heliophobic_arrival_glass_houses, layout_loops_corners
D:2:      cheibrodos_pilgrimage, layout_loops_ring, uniq_sigmund

Skill      XL: |  1 |
---------------+----+-----
Bows           | 3 |  3.6
Fighting       | |  0.7
Dodging        | |  2.4
Spellcasting   | |  1.5
Hexes          | |  4.6

Action                   || total
-------------------------++-------
Melee: Short sword       ||     1
 Fire: Shortbow          ||    41
Throw: Dart              ||     1
 Cast: Corona            ||    19
  Use: Potion            ||     1
Armor: Robe              ||    10
Dodge: Dodged            ||     8

Table legend: (Time is in decaauts)
 A = Elapsed time spent in this place.
 B = Non-inter-level travel time spent in this place.
 C = Inter-level travel time spent in this place.
 D = Time resting spent in this place.
 E = Time spent auto-exploring this place.
 F = Levels seen in this place.
 G = Mean time per level.
                   A        B        C        D        E       F      G
               +--------+--------+--------+--------+--------+-----+--------+
         Total |   1182 |   1134 |     48 |     98 |    485 |   2 |  591.0 |
       Dungeon |   1182 |   1134 |     48 |     98 |    485 |   2 |  591.0 |
               +--------+--------+--------+--------+--------+-----+--------+

Top non-repeatable levels by time:
     D:1: 1006 daAuts
     D:2: 176 daAuts
